 Dungeon Crawl Stone Soup version 0.30.0-15-g856e2d3f33 (webtiles) character file.

Game seed: 13961909691728823384

113308 qw the Severer (level 16, -59/104 HPs)
             Began as a Gargoyle Fighter on May 21, 2023.
             Was a Priest of Okawaru.
             Killed from afar by Nikola (75 damage)
             ... with an arc of chain lightning
             ... on level 3 of the Swamp.
             The game lasted 00:12:57 (26724 turns).

qw the Severer (Gargoyle Fighter)                  Turns: 26724, Time: 00:12:58

Health: -59/104    AC: 52    Str: 26    XL:     16   Next: 62%
Magic:  23/23      EV: 12    Int: 12    God:    Okawaru [***...]
Gold:   971        SH: 21    Dex: 16    Spells: 15/15 levels left

rFire   . . .        u - +5 war axe (protect)
rCold   . . .        p - +1 kite shield {rN+}
rNeg    + + +        B - +1 plate armour {rPois}
rPois   inf          m - +2 hat
rElec   +            H - +1 cloak {Will+}
rCorr   .            q - +1 pair of gloves of the Trout {rN+++ Dex+4}
SInv    +            f - +1 pair of boots
Will    ++...        h - amulet of reflection Stlth
                     o - ring of see invisible
HPRegen 0.37/turn    b - +4 ring of protection
MPRegen 0.18/turn

%: reflection
@: about to teleport, heroic, under a protective aura, flying
A: sickness immunity, AC +12, big wings, negative energy resistance 1,
electricity resistance, torment resistance 1, petrification resistance, agile 1,
clever 1
a: Renounce Religion, Heroism


You were on level 3 of the Swamp.
You worshipped Okawaru.
Okawaru was most pleased with you.
You visited 5 branches of the dungeon, and saw 26 of its levels.
You visited the Abyss 1 time.

You collected 3174 gold pieces.
You spent 2203 gold pieces at shops.


Innate Abilities, Weirdness & Mutations

You are immune to sickness and miasma.
Your stone body is resilient. (AC +12)
You are immune to poison.
Your large and strong wings let you fly.
You resist negative energy. (rN+)
You are resistant to electric shocks. (rElec)
You are resistant to unholy torment.
You are immune to petrification.
You are agile. (Dex +4, Str/Int -1)
Your mind is acute. (Int +4, Str/Dex -1)


   Skills:
 + Level 13.3(18.3) Fighting
 - Level 16.0(21.0) Axes
 - Level 7.0(12.0) Throwing
 - Level 13.0(18.0) Armour
 - Level 5.0(10.0) Dodging
 - Level 13.5(18.5) Shields
 - Level 10.0 Invocations


You had 15 spell levels left.
You didn't know any spells.
Your spell library was empty.

Inventory:

Hand Weapons
 c - a +0 morningstar
 u - a +5 war axe of protection (weapon)
 E - a +4 war axe of holy wrath
Missiles
 g - 4 boomerangs
 y - 3 silver javelins (quivered)
 C - 4 javelins
Armour
 f - a +1 pair of boots (worn)
 i - a scarf of resistance
 m - a +2 hat (worn)
 p - a +1 kite shield of positive energy (worn)
 q - the +1 pair of gloves of the Trout (worn) {rN+++ Dex+4}
   (You bought it in a shop on level 2 of the Orcish Mines)

   Dex:       It affects your dexterity (+4).
   rN:        It renders you almost immune to negative energy.
 s - +0 acid dragon scales
 B - a +1 plate armour of poison resistance (worn)
 G - the +2 leather armour of Dust Devil {rF+ rC+ SInv}
   (You found it on level 2 of the Swamp)

   rF:        It protects you from fire.
   rC:        It protects you from cold.
   SInv:      It lets you see invisible.
 H - a +1 cloak of willpower (worn)
Jewellery
 b - a +4 ring of protection (right hand)
 h - an amulet of reflection (around neck)
 o - a ring of see invisible (left hand)
 r - a +4 ring of slaying {mikee}
 t - a ring of resist corrosion
 F - a ring of ice
Wands
 v - a wand of digging (5)
Scrolls
 j - 15 scrolls of identify
Potions
 a - 7 potions of lignification
 d - 9 potions of might
 e - 6 potions of mutation
 k - 3 potions of cancellation
 l - 7 potions of curing
 n - 5 potions of haste
 w - 3 potions of attraction
 z - 2 potions of magic
 A - a potion of heal wounds
 D - a potion of resistance

Dungeon Overview and Level Annotations

Branches:
Dungeon (15/15)            Temple (1/1) D:5            Lair (5/5) D:9
  Swamp (3/4) Lair:3        Snake (0/4) Lair:2        Slime (0/5) Lair:5
    Orc (2/2) D:12            Elf (0/3) Orc:2        Vaults (0/5) D:14
 Depths (0/4) D:15

Altars:
Ashenzari
Cheibriados
Dithmenos
Elyvilon
Fedhas
Gozag
Hepliaklqana
Kikubaaqudgha
Makhleb
Nemelex Xobeh
Okawaru
Qazlal
Ru
Sif Muna
Trog
Uskayaw
Vehumet
Wu Jian
Xom
Yredelemnul
Zin
The Shining One
Jiyva

Shops:
D:3 *   D:6 *   D:14 :=(*   Orc:2 [:**

Portals:
Pandemonium: Orc:2

Annotations:
D:2 Natasha
D:8 2 transporters, Grum; qw's ghost, novice GrCA
D:15 3 runed translucent doors, SafestHooves's ghost, journeyman CeMo
Lair:2 2 transporters, qw's ghost, journeyman GrCA
Lair:4 1 runed translucent door
Lair:5 1 runed translucent door, qw's ghost, journeyman GrCA
Swamp:3 Nikola
Orc:1 3 runed translucent doors, Dinant's ghost, journeyman DsMo; qw's ghost, adept GrFi


Message History

Nikola casts a spell at you. The bolt of lightning hits you. You resist.
The mangrove smoulders and burns.
You hear a shout!
You hear a roar!
You slice Nikola!!
Nikola is moderately wounded.
You block Nikola's attack.
You barely miss Nikola.
Nikola is lightly wounded.
Nikola casts a spell.
Nikola blinks!
Nikola gestures wildly while chanting.
Lightning arcs from Nikola's hands!
The bolt of lightning hits you!!! You resist.
A bolt of lightning appears from out of thin air!
The bolt of lightning hits Nikola.
You hear a roar!
You hear a hideous shriek!
You hear a shout!
Nikola splashes around in the water.
You hit Nikola.
Nikola is moderately wounded.
A five-headed hydra comes into view.
You chop Nikola into pieces!!!
Nikola is heavily wounded.
Nikola casts a spell.
Lightning arcs from Nikola's hands!
The bolt of lightning hits you!!! You resist.
Ouch! That really hurt!
A bolt of lightning appears from out of thin air!
The bolt of lightning hits Nikola!
26723 ||| READING scroll of teleportation.
As you read the scroll of teleportation, it crumbles to dust.
You feel strangely unstable. You block Nikola's attack.
26724 ||| DRINKING 2 potions of heal wounds.
You feel much better.
A bunyip comes into view.
Nikola mumbles some strange words.
Lightning arcs from Nikola's hands!
The bolt of lightning hits you!!!! You resist.
Ouch! That really hurt!
You die... 777 7777 7

7~. 7...~ 777~77 7~.
7..¤. 7~~~~~777.
.~~77777 7~~~~~%7.
~.~...77 77~~77.77
77.~~~~7 777~~ 77~.7
77.~~~@.7 7.77777¤~~.
.77~D~~@.~7 77~~~~~~~~~7
~~~~.~~.~~777~~~~~~~~~.7
.~...~~.7777~.~~~~~~~~.7
~~~~..^.7777.~~~~~....77
.~~~~~~.~~7~.~~~..77777
.~~~~~¤.7...~~./777
7~~~~~¤.7.~~~...7
777~~~~x7¤~~~.~77
77.777.~~~~.77


You could see Nikola, a bunyip and a five-headed hydra.

Vanquished Creatures
  Jorgrun (D:14)
  Rupert (Orc:2)
  Frances (D:14)
  Roxanne (Swamp:2)
  3 eleionomae
  2 dire elephants (Swamp:1)
  A starcursed mass (Abyss:2)
  3 bunyips
  Josephine (D:13)
  Erolcha (D:9)
  4 hydras
  Fannar (D:11)
  2 ghost crabs
  A catoblepas (Lair:2)
  2 demonspawn (Orc:2)
  3 alligators
  3 centaur warriors
  A boulder beetle (D:15)
  8 two-headed ogres
  2 tengu warriors (D:13)
  A vampire mage (D:15)
  Urug (D:11)
  4 orc high priests (Orc:2)
  A deep elf knight (Swamp:1)
  A goliath frog (Swamp:2)
  A death drake (shapeshifter) (D:14)
  A spark wasp zombie (D:15)
  4 swamp dragons
  5 skeletal warriors (D:15)
  A flayed ghost (Abyss:2)
  2 bog bodies
  A deep elf archer (Swamp:1)
  6 orc knights
  2 deep elf pyromancers (D:14)
  A necromancer (D:15)
  A lindwurm (Lair:2)
  10 orc sorcerers
  7 ugly things
  An oklob plant (Swamp:2)
  A deep elf zephyrmancer (D:14)
  2 wolf spiders (Lair:5)
  4 cyclopes
  A will-o-the-wisp (Swamp:1)
  2 manticores
  12 black mambas
  6 elephants (Lair:3)
  A frost giant skeleton (D:15)
  2 orange demons
  A guardian serpent (Lair:5)
  A smoke demon (Abyss:2)
  Maurice (D:13)
  An unseen horror (D:11)
  Maggie (D:9)
  14 cane toads
  A yaktaur (shapeshifter) (D:14)
  3 rime drakes
  A kobold demonologist (D:12)
  2 freezing wraiths (D:15)
  9 komodo dragons
  A yaktaur (D:15)
  11 trolls
  12 polar bears
  2 hellwings (Orc:2)
  9 tyrant leeches
  8 blink frogs
  A spriggan zombie (D:15)
  3 raiju (Lair:5)
  4 hornets
  4 dream sheep (Lair:3)
  5 slime creatures (D:14)
  A spriggan (Swamp:2)
  7 wraiths
  3 vampires
  34 yaks
  2 basilisks
  2 fire bats (Abyss:2)
  17 wyverns
  22 vampire mosquitoes
  5 steam dragons
  5 swamp worms (Swamp:1)
  4 wargs (Lair:5)
  2 acid dragons
  15 hell hounds
  14 water moccasins
  A glowing shapeshifter skeleton (D:15)
  An ice beast (D:7)
  33 orc warriors
  4 swamp drakes
  A sky beast (D:6)
  11 black bears (Lair:5)
  7 centaurs
  28 wolves
  2 ogres
  A phantom (D:7)
  5 kobold brigands
  16 bullfrogs
  A scorpion (D:4)
  3 wights (D:8)
  13 killer bees
  16 jellies
  5 howler monkeys
  7 electric eels
  4 crimson imps (D:5)
  4 hounds
  26 orc priests
  2 sleepcaps
  Ijyb (D:3)
  5 iguanas
  Natasha (D:2)
  18 orc wizards
  13 gnolls
  8 adders
  A river rat (D:4)
  A shadow imp (D:7)
  A white imp (D:5)
  3 worms
  5 dart slugs
  67 orcs
  6 ball pythons
  5 bats
  8 endoplasms
  2 giant cockroaches
  8 goblins
  7 hobgoblins
  10 jackals
  29 kobolds
  4 quokkas
  4 frilled lizards
  7 rats
757 creatures vanquished.

Vanquished Creatures (others)
  A bloated husk (Swamp:2)
  2 foxfires (Swamp:1)
3 creatures vanquished.

Grand Total: 760 creatures vanquished

Notes
Turn   | Place    | Note
-------+----------+-------------------------------------------
     0 | D:1      | qw the Gargoyle Fighter began the quest for the Orb.
     0 | D:1      | Reached XP level 1. HP: 14/14 MP: 1/1
     0 | D:1      | 0 ||| qw: Version: 0.2-a-98-g16b38d9
     0 | D:1      | 0 ||| qw: Game counter: 26
     0 | D:1      | 0 ||| qw: Always use a shield: true
     0 | D:1      | 0 ||| qw: God list: Okawaru
     0 | D:1      | 0 ||| qw: Allow faded altars: false
     0 | D:1      | 0 ||| qw: Do Orc after D:15 true
     0 | D:1      | 0 ||| qw: Do second Lair branch before Depths: true
     0 | D:1      | 0 ||| qw: Lair rune preference: random
     0 | D:1      | 0 ||| qw: Plans: Normal, Zot:1-4, God:TSO, Crypt, Tomb,
                  | Pan, Slime:5, Hells, Abyss, Win
     0 | D:1      | 0 ||| PLANNING D:1-11
    63 | D:1      | Reached skill level 2 in Axes
    76 | D:1      | 76 ||| Stepping ~*~*~tactically~*~*~ (hiding).
    84 | D:1      | Reached XP level 2. HP: 16/19 MP: 2/2
   511 | D:1      | 511 ||| Stepping ~*~*~tactically~*~*~ (stealth).
   512 | D:1      | 512 ||| Stepping ~*~*~tactically~*~*~ (stealth).
   648 | D:1      | Reached skill level 3 in Axes
   726 | D:1      | 726 ||| Stepping ~*~*~tactically~*~*~ (stealth).
   728 | D:1      | 728 ||| Stepping ~*~*~tactically~*~*~ (stealth).
   750 | D:1      | Reached XP level 3. HP: 23/23 MP: 3/3
   985 | D:1      | 985 ||| UPGRADING to +0 pair of boots.
   990 | D:1      | 990 ||| UPGRADING to +2 hat.
   995 | D:1      | 995 ||| READING scroll labelled WODAPRYVUL.
   996 | D:1      | 996 ||| READING scroll labelled DUJUYXEUCO.
   997 | D:1      | 997 ||| READING scroll labelled AZETIC FUIGUIL.
   998 | D:1      | 998 ||| READING scroll labelled XYERUOVVISH.
   999 | D:1      | 999 ||| DRINKING 2 bubbling silvery potions.
   999 | D:1      | Gained mutation: You have an increased reservoir of magic.
                  | (+10% MP) [potion of mutation]
   999 | D:1      | Gained mutation: You are robust. (+10% HP) [potion of
                  | mutation]
   999 | D:1      | Gained mutation: You have a pair of small horns on your
                  | head. [potion of mutation]
  1104 | D:2      | Found a broken altar of Ashenzari.
  1155 | D:2      | 1155 ||| Stepping ~*~*~tactically~*~*~ (stealth).
  1605 | D:2      | Noticed Natasha
  1612 | D:2      | Killed Natasha
  1613 | D:2      | Reached XP level 4. HP: 29/30 MP: 4/4
  1616 | D:2      | Reached skill level 4 in Axes
  1644 | D:2      | 1644 ||| Stepping ~*~*~tactically~*~*~ (stealth).
  1810 | D:2      | 1810 ||| Stepping ~*~*~tactically~*~*~ (hiding).
  1811 | D:2      | 1811 ||| Stepping ~*~*~tactically~*~*~ (hiding).
  1813 | D:2      | 1813 ||| Stepping ~*~*~tactically~*~*~ (hiding).
  1814 | D:2      | 1814 ||| Stepping ~*~*~tactically~*~*~ (hiding).
  1816 | D:2      | 1816 ||| Stepping ~*~*~tactically~*~*~ (hiding).
  1937 | D:2      | Reached XP level 5. HP: 20/35 MP: 5/5
  1998 | D:2      | 1998 ||| DROPPING +0 club.
  2096 | D:2      | Noticed Natasha
  2097 | D:2      | 2097 ||| Stepping ~*~*~tactically~*~*~ (stealth).
  2165 | D:2      | 2165 ||| READING 2 scrolls labelled EHEZETYGRI.
  2166 | D:2      | 2166 ||| DRINKING 2 fuming coppery potions.
  2167 | D:2      | 2167 ||| DRINKING 2 inky potions.
  2168 | D:2      | 2168 ||| READING 2 scrolls of identify.
  2168 | D:2      | 2168 ||| IDENTIFYING metallic silvery potion
  2169 | D:2      | 2169 ||| DROPPING potion of brilliance.
  2170 | D:2      | 2170 ||| DROPPING scroll of magic mapping.
  2369 | D:3      | Found Gozag's Platinum Reserve.
  2388 | D:3      | Found an opulent altar of Gozag.
  2401 | D:3      | 2401 ||| SHOPLISTING +3 mace "Undertaker" {drain, rElec}
                  | (3440 gold, have 74).
  2401 | D:3      | 2401 ||| SHOPLISTING ring of Xaevam {rC- rN+ EV+5 Str+9
                  | Int-3} (5280 gold, have 74).
  2401 | D:3      | 2401 ||| SHOPLISTING ring of Youthful Indiscretion {Int+6
                  | SInv} (4720 gold, have 74).
  2441 | D:3      | 2441 ||| Stepping ~*~*~tactically~*~*~ (hiding).
  2468 | D:3      | 2468 ||| READING scroll of enchant armour.
  2468 | D:3      | 2468 ||| ENCHANTING +0 pair of boots.
  2508 | D:3      | Found a faded altar of an unknown god.
  2512 | D:3      | Found a sacrificial altar of Ru.
  2761 | D:3      | Noticed Ijyb
  2777 | D:3      | HP: 7/35 [constriction (6)]
  2785 | D:3      | HP: 5/35 [Ijyb/+0 dagger (2)]
  2787 | D:3      | Killed Ijyb
  2788 | D:3      | Reached skill level 5 in Axes
  2907 | D:3      | 2907 ||| DROPPING orb of guile.
  2908 | D:3      | 2908 ||| UPGRADING to +0 chain mail.
  2918 | D:3      | 2918 ||| DROPPING +0 scale mail.
  2919 | D:3      | 2919 ||| UPGRADING to amulet of reflection.
  2924 | D:3      | 2924 ||| READING scroll labelled AKKUOGG TINTURGH.
  2925 | D:3      | 2925 ||| READING 2 scrolls of identify.
  2925 | D:3      | 2925 ||| IDENTIFYING dark potion
  2953 | D:4      | 2953 ||| PLANNING SEWER
  3034 | D:4      | Reached XP level 6. HP: 41/41 MP: 6/6
  3117 | D:4      | 3117 ||| Stepping ~*~*~tactically~*~*~ (stealth).
  3119 | D:4      | 3119 ||| Stepping ~*~*~tactically~*~*~ (stealth).
  3121 | D:4      | 3121 ||| Stepping ~*~*~tactically~*~*~ (hiding).
  3399 | D:4      | Reached skill level 6 in Axes
  3461 | D:4      | Noticed a water moccasin
  3472 | D:4      | Killed a water moccasin
  3473 | D:4      | Reached XP level 7. HP: 47/47 MP: 7/7
  3680 | D:4      | 3680 ||| RIP SEWER
  3752 | D:4      | 3752 ||| PLANNING D:1-11
  3752 | D:4      | 3752 ||| UPGRADING to +0 plate armour.
  3762 | D:4      | 3762 ||| DROPPING +0 chain mail.
  3763 | D:4      | 3763 ||| DROPPING scarf of shadows.
  3764 | D:4      | 3764 ||| UPGRADING to +6 ring of strength.
  3765 | D:4      | 3765 ||| READING 3 scrolls labelled ARENIEJAQER.
  3766 | D:4      | 3766 ||| READING 2 scrolls of enchant weapon.
  3766 | D:4      | 3766 ||| ENCHANTING +1 war axe.
  3767 | D:4      | 3767 ||| READING scroll of enchant weapon.
  3767 | D:4      | 3767 ||| ENCHANTING +2 war axe.
  3768 | D:4      | 3768 ||| READING scroll labelled JIOBLOKLUD.
  3769 | D:4      | 3769 ||| READING scroll labelled JOUPSI IG CEGO.
  3870 | D:4      | 3870 ||| DRINKING 3 green potions.
  3871 | D:4      | 3871 ||| DRINKING 2 yellow potions.
  3872 | D:4      | 3872 ||| DRINKING 2 orange potions.
  3873 | D:4      | 3873 ||| DRINKING 2 potions of curing.
  3873 | D:4      | 3873 ||| (to cure confusion)
  3874 | D:4      | 3874 ||| DROPPING potion of ambrosia.
  3879 | D:4      | 3879 ||| STAIRDANCE
  3883 | D:4      | 3883 ||| STAIRDANCE
  3887 | D:4      | 3887 ||| STAIRDANCE
  3891 | D:4      | 3891 ||| STAIRDANCE
  3895 | D:4      | 3895 ||| STAIRDANCE
  3899 | D:4      | 3899 ||| STAIRDANCE
  3903 | D:4      | 3903 ||| STAIRDANCE
  3907 | D:4      | 3907 ||| STAIRDANCE
  3911 | D:4      | 3911 ||| STAIRDANCE
  3915 | D:4      | 3915 ||| STAIRDANCE
  3919 | D:4      | 3919 ||| STAIRDANCE
  3923 | D:4      | 3923 ||| STAIRDANCE
  3927 | D:4      | 3927 ||| STAIRDANCE
  3931 | D:4      | 3931 ||| STAIRDANCE
  3935 | D:4      | 3935 ||| STAIRDANCE
  3939 | D:4      | 3939 ||| STAIRDANCE
  3943 | D:4      | 3943 ||| STAIRDANCE
  3947 | D:4      | 3947 ||| STAIRDANCE
  3951 | D:4      | 3951 ||| STAIRDANCE
  3955 | D:4      | 3955 ||| STAIRDANCE
  4045 | D:4      | Found an ancient bone altar of Kikubaaqudgha.
  4045 | D:4      | Found a glowing golden altar of the Shining One.
  4229 | D:5      | Entered Level 5 of the Dungeon
  4241 | D:5      | 4241 ||| DROPPING +0 whip.
  4262 | D:5      | Found a staircase to the Ecumenical Temple.
  4263 | D:5      | 4263 ||| PLANNING TEMPLE
  4263 | D:5      | 4263 ||| READING scroll labelled LEROOWE HAIDITHREU.
  4272 | Temple   | Entered the Ecumenical Temple
  4349 | Temple   | 4349 ||| PLANNING OKAWARU WORSHIP
  4372 | Temple   | Became a worshipper of Warmaster Okawaru
  4372 | Temple   | 4372 ||| PLANNING D:1-11
  4538 | D:5      | 4538 ||| Stepping ~*~*~tactically~*~*~ (stealth).
  4620 | D:5      | Found an ornate altar of the Wu Jian Council.
  4628 | D:5      | 4628 ||| Stepping ~*~*~tactically~*~*~ (stealth).
  4750 | D:5      | 4750 ||| Stepping ~*~*~tactically~*~*~ (stealth).
  4808 | D:5      | Reached skill level 7 in Axes
  4820 | D:5      | Found a shimmering altar of Xom.
  4828 | D:5      | Reached XP level 8. HP: 53/53 MP: 8/8
  5242 | D:5      | 5242 ||| Stepping ~*~*~tactically~*~*~ (cloud).
  5244 | D:5      | 5244 ||| Stepping ~*~*~tactically~*~*~ (hiding).
  5245 | D:5      | 5245 ||| Stepping ~*~*~tactically~*~*~ (hiding).
  5246 | D:5      | 5246 ||| Stepping ~*~*~tactically~*~*~ (hiding).
  5250 | D:5      | HP: 7/53 [steam dragon/ball of steam (18)]
  5251 | D:5      | 5251 ||| DRINKING potion of heal wounds.
  5254 | D:5      | Reached skill level 1 in Throwing
  5257 | D:5      | Reached * piety under Okawaru
  5876 | D:5      | 5876 ||| UPGRADING to +0 pair of gloves.
  5881 | D:5      | 5881 ||| UPGRADING to ring of resist corrosion.
  5882 | D:5      | 5882 ||| READING scroll labelled WASIUMELOO.
  5923 | D:6      | Reached skill level 1 in Invocations
  5998 | D:6      | 5998 ||| INVOKING Heroism.
  6036 | D:6      | Reached skill level 8 in Axes
  6036 | D:6      | Found Yhyp's Assorted Antiques.
  6047 | D:6      | 6047 ||| BUYING opal ring (80 gold).
  6047 | D:6      | Bought an opal ring for 80 gold pieces
  6047 | D:6      | 6047 ||| BUYING scroll labelled MIBLOI GOMUHI (16 gold).
  6047 | D:6      | Bought a scroll labelled MIBLOI GOMUHI for 16 gold pieces
  6047 | D:6      | 6047 ||| BUYING scroll of identify (32 gold).
  6047 | D:6      | Bought a scroll of identify for 32 gold pieces
  6127 | D:6      | 6127 ||| Stepping ~*~*~tactically~*~*~ (hiding).
  6263 | D:6      | 6263 ||| INVOKING Heroism.
  6756 | D:6      | 6756 ||| DROPPING ring of flight.
  6757 | D:6      | 6757 ||| READING scroll labelled MIBLOI GOMUHI.
  6758 | D:6      | 6758 ||| READING scroll labelled QIRIQEJIMM.
  6759 | D:6      | 6759 ||| DRINKING 4 brown potions.
  6760 | D:6      | 6760 ||| DRINKING 3 white potions.
  6761 | D:6      | 6761 ||| READING 3 scrolls of identify.
  6761 | D:6      | 6761 ||| IDENTIFYING bubbling purple potion
  6762 | D:6      | 6762 ||| DROPPING 3 potions of flight.
  6763 | D:6      | 6763 ||| DROPPING potion of invisibility.
  6764 | D:6      | 6764 ||| DROPPING 2 potions of degeneration.
  6833 | D:7      | 6833 ||| INVOKING Heroism.
  6837 | D:7      | Reached XP level 9. HP: 60/60 MP: 8/11
  6838 | D:7      | Reached skill level 6 in Fighting
  7076 | D:7      | Reached skill level 3 in Invocations
  7157 | D:7      | 7157 ||| INVOKING Heroism.
  7169 | D:7      | Reached skill level 9 in Axes
  7226 | D:7      | 7226 ||| READING scroll of brand weapon.
  7226 | D:7      | 7226 ||| BRANDING +3 war axe of electrocution.
  7227 | D:7      | Found a burning altar of Makhleb.
  7228 | D:7      | Found a bloodstained altar of Trog.
  7277 | D:7      | Reached ** piety under Okawaru
  7511 | D:7      | Found a hazy altar of Hepliaklqana.
  7512 | D:7      | Found a shadowy altar of Dithmenos.
  7729 | D:7      | 7729 ||| READING scroll labelled XACUJOS KASYA.
  7784 | D:8      | 7784 ||| INVOKING Heroism.
  7875 | D:8      | Found a glowing silver altar of Zin.
  7878 | D:8      | 7878 ||| Stepping ~*~*~tactically~*~*~ (hiding).
  7959 | D:8      | Reached skill level 6 in Armour
  7966 | D:8      | 7966 ||| INVOKING Heroism.
  7975 | D:8      | Reached XP level 10. HP: 65/69 MP: 12/14
  8207 | D:8      | Noticed qw's ghost (novice GrCA)
  8227 | D:8      | Noticed Grum
  8231 | D:8      | Found a transporter.
  8231 | D:8      | Identified the +4 kite shield of Lilacs {rC+ Will+}
  8274 | D:8      | Found a transporter.
  8285 | D:8      | 8285 ||| UPGRADING to +0 cloak.
  8290 | D:8      | 8290 ||| READING scroll labelled XEULU WAONO.
  8312 | D:9      | Noticed Erolcha
  8312 | D:9      | Noticed a two-headed ogre
  8313 | D:9      | 8313 ||| Stepping ~*~*~tactically~*~*~ (stealth).
  8317 | Abyss:2  | Cast into level 2 of the Abyss (Erolcha)
  8347 | Abyss:2  | 8347 ||| Stepping ~*~*~tactically~*~*~ (stealth).
  8352 | Abyss:2  | 8352 ||| Stepping ~*~*~tactically~*~*~ (stealth).
  8382 | Abyss:2  | Noticed a smoke demon
  8383 | Abyss:2  | 8383 ||| Stepping ~*~*~tactically~*~*~ (hiding).
  8387 | Abyss:2  | 8387 ||| Stepping ~*~*~tactically~*~*~ (hiding).
  8388 | Abyss:2  | 8388 ||| Stepping ~*~*~tactically~*~*~ (hiding).
  8392 | Abyss:2  | Noticed a flayed ghost
  8397 | Abyss:2  | Killed a smoke demon
  8398 | Abyss:2  | Reached skill level 10 in Axes
  8402 | Abyss:2  | Noticed an orange demon
  8406 | Abyss:2  | 8406 ||| INVOKING Heroism.
  8408 | Abyss:2  | Killed a flayed ghost
  8418 | Abyss:2  | Killed an orange demon
  8420 | Abyss:2  | 8420 ||| Stepping ~*~*~tactically~*~*~ (stealth).
  8449 | Abyss:2  | Noticed a starcursed mass
  8450 | Abyss:2  | 8450 ||| Stepping ~*~*~tactically~*~*~ (stealth).
  8451 | Abyss:2  | 8451 ||| Stepping ~*~*~tactically~*~*~ (stealth).
  8455 | Abyss:2  | 8455 ||| INVOKING Heroism.
  8478 | Abyss:2  | Killed a starcursed mass
  8478 | Abyss:2  | Reached *** piety under Okawaru
  8497 | D:9      | Escaped the Abyss
  8499 | D:9      | 8499 ||| INVOKING Heroism.
  8503 | D:9      | HP: 14/71 [two-headed ogre/+0 giant club (7)]
  8505 | D:9      | Killed a two-headed ogre
  8509 | D:9      | HP: 6/71 [Erolcha/+0 giant spiked club (6)]
  8510 | D:9      | Killed Erolcha
  8511 | D:9      | Reached XP level 11. HP: 7/75 MP: 13/15
  8754 | D:9      | 8754 ||| INVOKING Heroism.
  8777 | D:9      | Noticed Maggie
  8787 | D:9      | Killed Maggie
  8788 | D:9      | Reached skill level 11 in Axes
  8813 | D:9      | Noticed a two-headed ogre
  8814 | D:9      | 8814 ||| INVOKING Heroism.
  8821 | D:9      | Killed a two-headed ogre
  8821 | D:9      | Reached **** piety under Okawaru
  8860 | D:9      | 8860 ||| INVOKING Heroism.
  8868 | D:9      | Reached skill level 9 in Fighting
  8880 | D:9      | 8880 ||| Stepping ~*~*~tactically~*~*~ (hiding).
  8882 | D:9      | 8882 ||| Stepping ~*~*~tactically~*~*~ (hiding).
  8890 | D:9      | 8890 ||| INVOKING Heroism.
  8958 | D:9      | 8958 ||| Stepping ~*~*~tactically~*~*~ (hiding).
  9118 | D:9      | 9118 ||| INVOKING Heroism.
  9151 | D:9      | Noticed a centaur warrior
  9159 | D:9      | Killed a centaur warrior
  9267 | D:9      | Found a staircase to the Lair.
  9277 | D:9      | 9277 ||| INVOKING Heroism.
  9581 | D:9      | 9581 ||| PLANNING LAIR
  9581 | D:9      | 9581 ||| UPGRADING to ring of willpower.
  9610 | Lair:1   | Entered Level 1 of the Lair of Beasts
  9679 | Lair:1   | 9679 ||| INVOKING Heroism.
  9688 | Lair:1   | Received a gift from Okawaru
  9689 | Lair:1   | Reached skill level 12 in Axes
  9703 | Lair:1   | 9703 ||| Stepping ~*~*~tactically~*~*~ (stealth).
  9704 | Lair:1   | 9704 ||| Stepping ~*~*~tactically~*~*~ (stealth).
  9705 | Lair:1   | 9705 ||| Stepping ~*~*~tactically~*~*~ (stealth).
  9742 | Lair:1   | 9742 ||| Stepping ~*~*~tactically~*~*~ (stealth).
  9786 | Lair:1   | 9786 ||| Stepping ~*~*~tactically~*~*~ (stealth).
  9789 | Lair:1   | 9789 ||| INVOKING Heroism.
  9796 | Lair:1   | Reached skill level 6 in Shields
  9800 | Lair:1   | 9800 ||| Stepping ~*~*~tactically~*~*~ (stealth).
  9876 | Lair:1   | 9876 ||| INVOKING Heroism.
  9992 | Lair:1   | 9992 ||| INVOKING Heroism.
  9994 | Lair:1   | 9994 ||| Stepping ~*~*~tactically~*~*~ (stealth).
  9995 | Lair:1   | 9995 ||| Stepping ~*~*~tactically~*~*~ (stealth).
 10003 | Lair:1   | Reached skill level 3 in Throwing
 10193 | Lair:1   | Identified the +0 robe of the Original Sin {*Slow Will+
                  | Dex+3}
 10229 | Lair:1   | 10229 ||| INVOKING Heroism.
 10232 | Lair:1   | Reached skill level 6 in Invocations
 10582 | Lair:1   | 10582 ||| READING 6 scrolls of identify.
 10582 | Lair:1   | 10582 ||| IDENTIFYING metallic black potion
 10616 | Lair:2   | 10616 ||| INVOKING Heroism.
 10632 | Lair:2   | Found a transporter.
 10633 | Lair:2   | Noticed a spriggan rider
 10641 | Lair:2   | 10641 ||| Stepping ~*~*~tactically~*~*~ (stealth).
 10642 | Lair:2   | 10642 ||| Stepping ~*~*~tactically~*~*~ (stealth).
 10643 | Lair:2   | 10643 ||| Stepping ~*~*~tactically~*~*~ (stealth).
 10676 | Lair:2   | 10676 ||| INVOKING Heroism.
 10681 | Lair:2   | Reached XP level 12. HP: 71/83 MP: 15/18
 10771 | Lair:2   | Found a dark tunnel.
 10772 | Lair:2   | 10772 ||| INVOKING Heroism.
 10896 | Lair:2   | Noticed a catoblepas
 10897 | Lair:2   | 10897 ||| INVOKING Heroism.
 10910 | Lair:2   | Killed a catoblepas
 10913 | Lair:2   | Reached skill level 9 in Armour
 11027 | Lair:2   | 11027 ||| INVOKING Heroism.
 11057 | Lair:2   | Noticed a four-headed hydra
 11060 | Lair:2   | 11060 ||| Stepping ~*~*~tactically~*~*~ (stealth).
 11064 | Lair:2   | 11064 ||| SWAPPING to +0 flail.
 11066 | Lair:2   | Killed a four-headed hydra
 11067 | Lair:2   | 11067 ||| SWAPPING to +3 war axe of venom.
 11072 | Lair:2   | 11072 ||| Stepping ~*~*~tactically~*~*~ (stealth).
 11074 | Lair:2   | 11074 ||| Stepping ~*~*~tactically~*~*~ (stealth).
 11091 | Lair:2   | Reached ***** piety under Okawaru
 11264 | Lair:2   | Received a gift from Okawaru
 11300 | Lair:2   | 11300 ||| Stepping ~*~*~tactically~*~*~ (stealth).
 11451 | Lair:2   | 11451 ||| INVOKING Heroism.
 11714 | Lair:2   | Found a staircase to the Snake Pit.
 11736 | Lair:2   | Found a transporter.
 11742 | Lair:2   | Found a bloodstained altar of Trog.
 11757 | Lair:2   | Noticed qw's ghost (journeyman GrCA)
 11838 | Lair:2   | 11838 ||| UPGRADING to ring of see invisible.
 11840 | Lair:2   | 11840 ||| UPGRADING to +6 ring of strength.
 11883 | Lair:3   | Received a gift from Okawaru
 11886 | Lair:3   | Reached skill level 9 in Invocations
 11909 | Lair:3   | 11909 ||| Stepping ~*~*~tactically~*~*~ (stealth).
 11917 | Lair:3   | 11917 ||| Stepping ~*~*~tactically~*~*~ (stealth).
 11919 | Lair:3   | 11919 ||| Stepping ~*~*~tactically~*~*~ (stealth).
 11920 | Lair:3   | 11920 ||| INVOKING Heroism.
 11950 | Lair:3   | 11950 ||| Stepping ~*~*~tactically~*~*~ (stealth).
 11952 | Lair:3   | 11952 ||| Stepping ~*~*~tactically~*~*~ (stealth).
 11954 | Lair:3   | 11954 ||| Stepping ~*~*~tactically~*~*~ (stealth).
 12006 | Lair:3   | Found a staircase to the Swamp.
 12007 | Lair:3   | 12007 ||| Stepping ~*~*~tactically~*~*~ (hiding).
 12011 | Lair:3   | 12011 ||| Stepping ~*~*~tactically~*~*~ (hiding).
 12012 | Lair:3   | 12012 ||| Stepping ~*~*~tactically~*~*~ (hiding).
 12127 | Lair:3   | Received a gift from Okawaru
 12219 | Lair:3   | 12219 ||| INVOKING Heroism.
 12278 | Lair:3   | 12278 ||| INVOKING Heroism.
 12286 | Lair:3   | Reached XP level 13. HP: 62/90 MP: 20/22
 12296 | Lair:3   | Reached skill level 13 in Axes
 12881 | Lair:3   | 12881 ||| DRINKING 2 puce potions.
 12901 | Lair:4   | 12901 ||| READING scroll of brand weapon.
 12901 | Lair:4   | 12901 ||| BRANDING +3 war axe of venom.
 12948 | Lair:4   | 12948 ||| Stepping ~*~*~tactically~*~*~ (hiding).
 12949 | Lair:4   | 12949 ||| Stepping ~*~*~tactically~*~*~ (hiding).
 12954 | Lair:4   | 12954 ||| INVOKING Heroism.
 13084 | Lair:4   | 13084 ||| Stepping ~*~*~tactically~*~*~ (stealth).
 13109 | Lair:4   | 13109 ||| Stepping ~*~*~tactically~*~*~ (stealth).
 13117 | Lair:4   | 13117 ||| INVOKING Heroism.
 13201 | Lair:4   | 13201 ||| INVOKING Heroism.
 13202 | Lair:4   | 13202 ||| INVOKING Finesse.
 13213 | Lair:4   | 13213 ||| SWAPPING to +0 flail.
 13218 | Lair:4   | 13218 ||| SWAPPING to +3 war axe of protection.
 13234 | Lair:4   | 13234 ||| Stepping ~*~*~tactically~*~*~ (stealth).
 13235 | Lair:4   | 13235 ||| Stepping ~*~*~tactically~*~*~ (stealth).
 13236 | Lair:4   | 13236 ||| Stepping ~*~*~tactically~*~*~ (stealth).
 13256 | Lair:4   | 13256 ||| Stepping ~*~*~tactically~*~*~ (stealth).
 13257 | Lair:4   | 13257 ||| Stepping ~*~*~tactically~*~*~ (stealth).
 13265 | Lair:4   | 13265 ||| INVOKING Heroism.
 13340 | Lair:4   | Received a gift from Okawaru
 13508 | Lair:4   | 13508 ||| READING scroll of brand weapon.
 13508 | Lair:4   | 13508 ||| BRANDING +3 war axe of protection.
 13550 | Lair:4   | Found a runed translucent door.
 13554 | Lair:4   | 13554 ||| Stepping ~*~*~tactically~*~*~ (stealth).
 13954 | Lair:4   | 13954 ||| UPGRADING to +1 plate armour of poison
                  | resistance.
 13964 | Lair:4   | 13964 ||| DROPPING +0 plate armour.
 13976 | Lair:5   | Entered Level 5 of the Lair of Beasts
 14138 | Lair:5   | 14138 ||| INVOKING Heroism.
 14146 | Lair:5   | Reached skill level 14 in Axes
 14204 | Lair:5   | 14204 ||| INVOKING Heroism.
 14205 | Lair:5   | 14205 ||| Stepping ~*~*~tactically~*~*~ (stealth).
 14206 | Lair:5   | 14206 ||| Stepping ~*~*~tactically~*~*~ (stealth).
 14216 | Lair:5   | 14216 ||| Stepping ~*~*~tactically~*~*~ (stealth).
 14229 | Lair:5   | 14229 ||| INVOKING Heroism.
 14234 | Lair:5   | 14234 ||| Stepping ~*~*~tactically~*~*~ (stealth).
 14237 | Lair:5   | 14237 ||| Stepping ~*~*~tactically~*~*~ (stealth).
 14246 | Lair:5   | 14246 ||| Stepping ~*~*~tactically~*~*~ (stealth).
 14249 | Lair:5   | 14249 ||| Stepping ~*~*~tactically~*~*~ (stealth).
 14264 | Lair:5   | 14264 ||| Stepping ~*~*~tactically~*~*~ (stealth).
 14265 | Lair:5   | 14265 ||| Stepping ~*~*~tactically~*~*~ (stealth).
 14281 | Lair:5   | Found a staircase to the Slime Pits.
 14281 | Lair:5   | Found a viscous altar of Jiyva.
 14307 | Lair:5   | 14307 ||| INVOKING Heroism.
 14461 | Lair:5   | 14461 ||| Stepping ~*~*~tactically~*~*~ (stealth).
 14463 | Lair:5   | 14463 ||| Stepping ~*~*~tactically~*~*~ (stealth).
 14465 | Lair:5   | 14465 ||| Stepping ~*~*~tactically~*~*~ (stealth).
 14474 | Lair:5   | 14474 ||| INVOKING Heroism.
 14543 | Lair:5   | 14543 ||| INVOKING Heroism.
 14550 | Lair:5   | Received a gift from Okawaru
 14766 | Lair:5   | 14766 ||| Stepping ~*~*~tactically~*~*~ (stealth).
 14768 | Lair:5   | Received a gift from Okawaru
 14901 | Lair:5   | 14901 ||| Stepping ~*~*~tactically~*~*~ (stealth).
 14960 | Lair:5   | 14960 ||| Stepping ~*~*~tactically~*~*~ (stealth).
 14962 | Lair:5   | 14962 ||| INVOKING Heroism.
 15007 | Lair:5   | 15007 ||| READING scroll of enchant weapon.
 15007 | Lair:5   | 15007 ||| ENCHANTING +3 heavy war axe.
 15125 | Lair:5   | Gained mutation: Your large and strong wings let you fly.
                  | [Gargoyle growth]
 15125 | Lair:5   | Reached XP level 14. HP: 99/99 MP: 23/23
 15215 | Lair:5   | 15215 ||| Stepping ~*~*~tactically~*~*~ (stealth).
 15259 | Lair:5   | 15259 ||| Stepping ~*~*~tactically~*~*~ (stealth).
 15261 | Lair:5   | 15261 ||| Stepping ~*~*~tactically~*~*~ (hiding).
 15280 | Lair:5   | 15280 ||| INVOKING Heroism.
 15344 | Lair:5   | 15344 ||| Stepping ~*~*~tactically~*~*~ (stealth).
 15349 | Lair:5   | 15349 ||| Stepping ~*~*~tactically~*~*~ (hiding).
 15367 | Lair:5   | Reached skill level 15 in Axes
 15368 | Lair:5   | Received a gift from Okawaru
 15372 | Lair:5   | 15372 ||| Stepping ~*~*~tactically~*~*~ (hiding).
 15392 | Lair:5   | 15392 ||| Stepping ~*~*~tactically~*~*~ (stealth).
 15416 | Lair:5   | 15416 ||| INVOKING Heroism.
 15477 | Lair:5   | 15477 ||| Stepping ~*~*~tactically~*~*~ (stealth).
 15510 | Lair:5   | 15510 ||| Stepping ~*~*~tactically~*~*~ (stealth).
 15534 | Lair:5   | 15534 ||| INVOKING Heroism.
 15559 | Lair:5   | 15559 ||| Stepping ~*~*~tactically~*~*~ (stealth).
 15782 | Lair:5   | 15782 ||| Stepping ~*~*~tactically~*~*~ (stealth).
 15823 | Lair:5   | 15823 ||| Stepping ~*~*~tactically~*~*~ (stealth).
 15833 | Lair:5   | 15833 ||| Stepping ~*~*~tactically~*~*~ (stealth).
 16038 | Lair:5   | Found a runed translucent door.
 16039 | Lair:5   | Noticed qw's ghost (journeyman GrCA)
 16155 | Lair:5   | 16155 ||| PLANNING D:1-11
 16155 | Lair:5   | 16155 ||| READING 2 scrolls labelled BUBIPS RUSS.
 16156 | Lair:5   | 16156 ||| DRINKING 2 bubbling grey potions.
 16157 | Lair:5   | 16157 ||| READING 13 scrolls of identify.
 16157 | Lair:5   | 16157 ||| IDENTIFYING bubbling brown potion
 16158 | Lair:5   | 16158 ||| DROPPING scroll of fog.
 16159 | Lair:5   | 16159 ||| DROPPING potion of berserk rage.
 16252 | D:10     | Entered Level 10 of the Dungeon
 16285 | D:10     | 16285 ||| Stepping ~*~*~tactically~*~*~ (hiding).
 16286 | D:10     | 16286 ||| Stepping ~*~*~tactically~*~*~ (stealth).
 16432 | D:10     | 16432 ||| Stepping ~*~*~tactically~*~*~ (hiding).
 16434 | D:10     | 16434 ||| Stepping ~*~*~tactically~*~*~ (hiding).
 16603 | D:10     | 16603 ||| Stepping ~*~*~tactically~*~*~ (stealth).
 16797 | D:10     | Found a sparkling altar of Nemelex Xobeh.
 17044 | D:11     | Reached skill level 12 in Fighting
 17046 | D:11     | Received a gift from Okawaru
 17106 | D:11     | You are sucked into a shaft and drop 2 floors!
 17110 | D:13     | 17110 ||| INVOKING Heroism.
 17111 | D:13     | 17111 ||| INVOKING Finesse.
 17117 | D:13     | 17117 ||| SWAPPING to +0 flail.
 17121 | D:13     | 17121 ||| SWAPPING to +4 heavy war axe.
 17152 | D:13     | Reached skill level 3 in Dodging
 17306 | D:11     | Noticed Urug
 17307 | D:11     | 17307 ||| INVOKING Heroism.
 17319 | D:11     | Killed Urug
 17378 | D:11     | Noticed Fannar
 17387 | D:11     | Killed Fannar
 17437 | D:11     | Reached skill level 6 in Throwing
 17490 | D:11     | 17490 ||| Stepping ~*~*~tactically~*~*~ (hiding).
 17713 | D:11     | 17713 ||| PLANNING D
 17813 | D:11     | 17813 ||| UPGRADING to +1 cloak.
 17823 | D:11     | 17823 ||| DROPPING +0 cloak.
 17881 | D:12     | 17881 ||| Stepping ~*~*~tactically~*~*~ (stealth).
 17883 | D:12     | 17883 ||| Stepping ~*~*~tactically~*~*~ (stealth).
 17885 | D:12     | 17885 ||| Stepping ~*~*~tactically~*~*~ (stealth).
 17889 | D:12     | 17889 ||| Stepping ~*~*~tactically~*~*~ (hiding).
 18059 | D:12     | 18059 ||| Stepping ~*~*~tactically~*~*~ (hiding).
 18238 | D:12     | Found a staircase to the Orcish Mines.
 18240 | D:12     | 18240 ||| Stepping ~*~*~tactically~*~*~ (stealth).
 18242 | D:12     | 18242 ||| Stepping ~*~*~tactically~*~*~ (stealth).
 18353 | D:12     | 18353 ||| READING scroll of enchant weapon.
 18353 | D:12     | 18353 ||| ENCHANTING +4 heavy war axe.
 18791 | D:13     | 18791 ||| INVOKING Heroism.
 19067 | D:13     | 19067 ||| DROPPING scarf of shadows.
 19171 | D:13     | Noticed Josephine
 19182 | D:13     | Killed Josephine
 19312 | D:13     | Noticed Maurice
 19313 | D:13     | 19313 ||| Stepping ~*~*~tactically~*~*~ (stealth).
 19314 | D:13     | 19314 ||| Stepping ~*~*~tactically~*~*~ (stealth).
 19316 | D:13     | 19316 ||| Stepping ~*~*~tactically~*~*~ (hiding).
 19329 | D:13     | 19329 ||| Stepping ~*~*~tactically~*~*~ (hiding).
 19334 | D:13     | Killed Maurice
 19335 | D:13     | Reached skill level 16 in Axes
 19544 | D:13     | 19544 ||| UPGRADING to +1 kite shield of positive energy.
 19554 | D:13     | 19554 ||| DROPPING +0 buckler.
 19555 | D:13     | 19555 ||| UPGRADING to +1 cloak of willpower.
 19565 | D:13     | 19565 ||| DROPPING +1 cloak.
 19632 | D:14     | 19632 ||| INVOKING Heroism.
 19633 | D:14     | 19633 ||| READING 7 scrolls of teleportation.
 19658 | D:14     | Identified the +10 executioner's axe "Bimaf" {drain, rPois
                  | MP+9 SInv Stlth+} (Okawaru gifted it to you on level 14 of
                  | the Dungeon)
 19658 | D:14     | Received a gift from Okawaru
 19724 | D:14     | Reached XP level 15. HP: 105/105 MP: 24/24
 19763 | D:14     | Found Quapompo's Book Shoppe.
 19839 | D:14     | 19839 ||| Stepping ~*~*~tactically~*~*~ (stealth).
 19844 | D:14     | 19844 ||| INVOKING Heroism.
 19845 | D:14     | 19845 ||| READING 6 scrolls of teleportation.
 19856 | D:14     | 19856 ||| READING 5 scrolls of teleportation.
 19864 | D:14     | Noticed Frances
 19865 | D:14     | 19865 ||| INVOKING Finesse.
 19876 | D:14     | HP: 19/105 [Frances/+0 hand axe of freezing (11)]
 19877 | D:14     | 19877 ||| READING 4 scrolls of teleportation.
 19878 | D:14     | 19878 ||| DRINKING 2 potions of heal wounds.
 20097 | D:14     | Found Naixeggu's Antique Weapon Shoppe.
 20103 | D:14     | 20103 ||| BUYING morningstar (144 gold).
 20103 | D:14     | Bought a morningstar for 144 gold pieces
 20103 | D:14     | 20103 ||| DROPPING +0 flail.
 20115 | D:14     | 20115 ||| DROPPING +0 flail of protection.
 20159 | D:14     | 20159 ||| INVOKING Heroism.
 20161 | D:14     | Reached skill level 9 in Shields
 20166 | D:14     | Noticed Jorgrun
 20167 | D:14     | 20167 ||| INVOKING Finesse.
 20176 | D:14     | HP: 20/105 [constriction (9)]
 20177 | D:14     | 20177 ||| READING 3 scrolls of teleportation.
 20178 | D:14     | 20178 ||| DRINKING potion of heal wounds.
 20217 | D:14     | 20217 ||| Stepping ~*~*~tactically~*~*~ (hiding).
 20222 | D:14     | 20222 ||| INVOKING Heroism.
 20222 | D:14     | HP: 5/105 [Jorgrun/Lee's Rapid Deconstruction (41)]
 20223 | D:14     | 20223 ||| READING 2 scrolls of teleportation.
 20239 | D:14     | 20239 ||| READING scroll of teleportation.
 20476 | D:14     | 20476 ||| INVOKING Heroism.
 20486 | D:14     | Killed Jorgrun
 20523 | D:14     | Found Usan's Jewellery Shoppe.
 20528 | D:14     | 20528 ||| BUYING +4 ring of protection (432 gold).
 20528 | D:14     | Bought a +4 ring of protection for 432 gold pieces
 20528 | D:14     | 20528 ||| BUYING +4 ring of slaying (936 gold).
 20528 | D:14     | Bought a +4 ring of slaying for 936 gold pieces
 20528 | D:14     | 20528 ||| SHOPLISTING ring of protection from fire (300
                  | gold, have 258).
 20643 | D:14     | 20643 ||| INVOKING Heroism.
 20644 | D:14     | 20644 ||| INVOKING Finesse.
 20645 | D:14     | 20645 ||| Stepping ~*~*~tactically~*~*~ (hiding).
 20655 | D:14     | Killed Frances
 20781 | D:14     | 20781 ||| Stepping ~*~*~tactically~*~*~ (stealth).
 20788 | D:14     | 20788 ||| Stepping ~*~*~tactically~*~*~ (stealth).
 20799 | D:14     | Found a gate to the Vaults.
 20832 | D:14     | Found Jagots's Assorted Antiques.
 20894 | D:14     | 20894 ||| UPGRADING to +4 ring of protection.
 20896 | D:14     | 20896 ||| DROPPING ring of positive energy.
 20897 | D:14     | 20897 ||| DROPPING ring of willpower.
 20898 | D:14     | 20898 ||| DROPPING +6 ring of strength.
 20940 | D:15     | Entered Level 15 of the Dungeon
 20941 | D:15     | 20941 ||| PLANNING GAUNTLET
 20941 | D:15     | 20941 ||| INVOKING Heroism.
 20954 | D:15     | Found a staircase to the Depths.
 21187 | D:15     | 21187 ||| Stepping ~*~*~tactically~*~*~ (hiding).
 21188 | D:15     | 21188 ||| Stepping ~*~*~tactically~*~*~ (hiding).
 21261 | D:15     | Found a blossoming altar of Fedhas.
 21282 | D:15     | 21282 ||| Stepping ~*~*~tactically~*~*~ (hiding).
 21351 | D:15     | 21351 ||| INVOKING Heroism.
 21355 | D:15     | Reached skill level 12 in Shields
 21398 | D:15     | Noticed SafestHooves's ghost (journeyman CeMo)
 21400 | D:15     | 21400 ||| INVOKING Heroism.
 21410 | D:15     | Identified the +2 buckler "Qetzez" {Harm rN+ Will+ Str-5}
                  | (Okawaru gifted it to you on level 15 of the Dungeon)
 21410 | D:15     | Received a gift from Okawaru
 21430 | D:15     | Found a runed translucent gate.
 21430 | D:15     | Found a runed translucent gate.
 21430 | D:15     | Found a runed translucent gate.
 21470 | D:15     | 21470 ||| INVOKING Heroism.
 21527 | D:15     | 21527 ||| Stepping ~*~*~tactically~*~*~ (stealth).
 21531 | D:15     | Found a frozen archway.
 21896 | D:15     | 21896 ||| RIP GAUNTLET
 21896 | D:15     | 21896 ||| PLANNING ORC
 21896 | D:15     | 21896 ||| DROPPING amulet of the acrobat.
 22001 | Orc:1    | Entered Level 1 of the Orcish Mines
 22065 | Orc:1    | 22065 ||| INVOKING Heroism.
 22290 | Orc:2    | Entered Level 2 of the Orcish Mines
 22290 | Orc:2    | Noticed Rupert
 22290 | Orc:2    | Found a staircase to the Elven Halls.
 22290 | Orc:2    | Found a bloodstained altar of Trog.
 22291 | Orc:2    | 22291 ||| INVOKING Heroism.
 22297 | Orc:2    | Gained mutation: You occasionally lose the ability to read
                  | scrolls when taking damage. [a neqoxec]
 22304 | Orc:2    | Killed Rupert
 22408 | Orc:2    | 22408 ||| DRINKING 7 potions of mutation.
 22408 | Orc:2    | Lost mutation: You occasionally lose the ability to read
                  | scrolls when taking damage. [potion of mutation]
 22408 | Orc:2    | Lost mutation: You have a pair of small horns on your head.
                  | [potion of mutation]
 22408 | Orc:2    | Gained mutation: You are agile. (Dex +4, Str/Int -1)
                  | [potion of mutation]
 22408 | Orc:2    | Gained mutation: You are vulnerable to heat. (rF-) [potion
                  | of mutation]
 22408 | Orc:2    | Gained mutation: You possess an exceptional clarity of
                  | mind. [potion of mutation]
 22409 | Orc:2    | 22409 ||| DRINKING 6 potions of mutation.
 22409 | Orc:2    | Lost mutation: You are vulnerable to heat. (rF-) [potion of
                  | mutation]
 22409 | Orc:2    | Lost mutation: You are robust. (+10% HP) [potion of
                  | mutation]
 22409 | Orc:2    | Lost mutation: You have an increased reservoir of magic.
                  | (+10% MP) [potion of mutation]
 22409 | Orc:2    | Gained mutation: You occasionally lose the ability to read
                  | scrolls when taking damage. [potion of mutation]
 22409 | Orc:2    | Gained mutation: Your muscles are strong. (Str +4, Int/Dex
                  | -1) [potion of mutation]
 22410 | Orc:2    | 22410 ||| DRINKING 5 potions of mutation.
 22410 | Orc:2    | Lost mutation: You occasionally lose the ability to read
                  | scrolls when taking damage. [potion of mutation]
 22410 | Orc:2    | Lost mutation: You possess an exceptional clarity of mind.
                  | [potion of mutation]
 22410 | Orc:2    | Lost mutation: Your muscles are strong. (Str +4, Int/Dex
                  | -1) [potion of mutation]
 22410 | Orc:2    | Gained mutation: Your mind is acute. (Int +4, Str/Dex -1)
                  | [potion of mutation]
 22471 | Orc:1    | Found a runed translucent gate.
 22471 | Orc:1    | Found a runed translucent gate.
 22471 | Orc:1    | Found a runed translucent gate.
 22596 | Orc:1    | Noticed Dinant's ghost (journeyman DsMo)
 22596 | Orc:1    | Noticed qw's ghost (adept GrFi)
 22846 | Orc:2    | 22846 ||| Stepping ~*~*~tactically~*~*~ (hiding).
 22934 | Orc:2    | 22934 ||| INVOKING Heroism.
 22947 | Orc:2    | Found Retitueghe's General Store.
 22955 | Orc:2    | Found Bayhagug's General Store.
 23151 | Orc:2    | 23151 ||| Stepping ~*~*~tactically~*~*~ (hiding).
 23217 | Orc:2    | 23217 ||| BUYING potion of mutation (120 gold).
 23217 | Orc:2    | Bought a potion of mutation for 120 gold pieces
 23217 | Orc:2    | 23217 ||| BUYING scroll of brand weapon (142 gold).
 23217 | Orc:2    | Bought a scroll of brand weapon for 142 gold pieces
 23217 | Orc:2    | 23217 ||| BUYING scroll of teleportation (45 gold).
 23217 | Orc:2    | Bought a scroll of teleportation for 45 gold pieces
 23217 | Orc:2    | 23217 ||| READING scroll of brand weapon.
 23217 | Orc:2    | 23217 ||| BRANDING +5 heavy war axe.
 23220 | Orc:2    | 23220 ||| Stepping ~*~*~tactically~*~*~ (hiding).
 23348 | Orc:2    | 23348 ||| Stepping ~*~*~tactically~*~*~ (hiding).
 23357 | Orc:2    | 23357 ||| INVOKING Heroism.
 23366 | Orc:2    | Reached skill level 12 in Armour
 23366 | Orc:2    | 23366 ||| Stepping ~*~*~tactically~*~*~ (hiding).
 23391 | Orc:2    | 23391 ||| Stepping ~*~*~tactically~*~*~ (hiding).
 23407 | Orc:2    | 23407 ||| INVOKING Heroism.
 23434 | Orc:2    | 23434 ||| Stepping ~*~*~tactically~*~*~ (hiding).
 23443 | Orc:2    | 23443 ||| INVOKING Heroism.
 23528 | Orc:2    | 23528 ||| INVOKING Heroism.
 23558 | Orc:2    | Reached XP level 16. HP: 34/101 MP: 23/23
 23675 | Orc:2    | 23675 ||| INVOKING Heroism.
 23804 | Orc:2    | 23804 ||| INVOKING Heroism.
 23829 | Orc:2    | 23829 ||| Stepping ~*~*~tactically~*~*~ (hiding).
 23830 | Orc:2    | 23830 ||| Stepping ~*~*~tactically~*~*~ (hiding).
 23831 | Orc:2    | 23831 ||| Stepping ~*~*~tactically~*~*~ (hiding).
 23832 | Orc:2    | 23832 ||| Stepping ~*~*~tactically~*~*~ (hiding).
 23866 | Orc:2    | Found Xaraikk's Book Shop.
 23866 | Orc:2    | Found Lauschiec's Antique Armour Boutique.
 23867 | Orc:2    | Found a one-way gate leading to the halls of Pandemonium.
 23871 | Orc:2    | 23871 ||| BUYING pair of heavily runed gloves (256 gold).
 23871 | Orc:2    | Bought a pair of heavily runed gloves for 256 gold pieces
 23871 | Orc:2    | Identified the +1 pair of gloves of the Trout {rN+++ Dex+4}
                  | (You bought it in a shop on level 2 of the Orcish Mines)
 23871 | Orc:2    | 23871 ||| SHOPLISTING tiger eye-encrusted plate armour (756
                  | gold, have 637).
 24013 | Orc:2    | 24013 ||| PLANNING SWAMP:1-3
 24013 | Orc:2    | 24013 ||| UPGRADING to +1 pair of gloves of the Trout
                  | {rN+++ Dex+4}.
 24023 | Orc:2    | 24023 ||| DROPPING +0 pair of gloves.
 24200 | Swamp:1  | Entered Level 1 of the Swamp
 24237 | Swamp:1  | 24237 ||| INVOKING Heroism.
 24304 | Swamp:1  | You are sucked into a shaft and drop 1 floor!
 24377 | Swamp:1  | 24377 ||| Stepping ~*~*~tactically~*~*~ (stealth).
 24426 | Swamp:1  | 24426 ||| INVOKING Heroism.
 24534 | Swamp:1  | 24534 ||| Stepping ~*~*~tactically~*~*~ (stealth).
 24575 | Swamp:1  | Received a gift from Okawaru
 24628 | Swamp:1  | 24628 ||| INVOKING Heroism.
 24829 | Swamp:1  | 24829 ||| Stepping ~*~*~tactically~*~*~ (stealth).
 24876 | Swamp:1  | 24876 ||| INVOKING Heroism.
 24881 | Swamp:1  | Received a gift from Okawaru
 24906 | Swamp:1  | 24906 ||| INVOKING Heroism.
 25035 | Swamp:1  | 25035 ||| Stepping ~*~*~tactically~*~*~ (hiding).
 25173 | Swamp:1  | 25173 ||| Stepping ~*~*~tactically~*~*~ (cloud).
 25175 | Swamp:1  | 25175 ||| Stepping ~*~*~tactically~*~*~ (cloud).
 25616 | Swamp:2  | 25616 ||| STAIRDANCE
 25655 | Swamp:2  | 25655 ||| INVOKING Heroism.
 25810 | Swamp:2  | 25810 ||| Stepping ~*~*~tactically~*~*~ (cloud).
 25919 | Swamp:2  | 25919 ||| INVOKING Heroism.
 25997 | Swamp:2  | Identified Roxanne's Directory of the Gargoyle
 25997 | Swamp:2  | Noticed Roxanne
 25998 | Swamp:2  | 25998 ||| INVOKING Heroism.
 26028 | Swamp:2  | Killed Roxanne
 26028 | Swamp:2  | Received a gift from Okawaru
 26030 | Swamp:2  | 26030 ||| INVOKING Heroism.
 26159 | Swamp:2  | Identified the +2 leather armour of Dust Devil {rF+ rC+
                  | SInv}
 26167 | Swamp:2  | 26167 ||| INVOKING Heroism.
 26623 | Swamp:3  | 26623 ||| STAIRDANCE
 26708 | Swamp:3  | Noticed Nikola
 26709 | Swamp:3  | 26709 ||| Stepping ~*~*~tactically~*~*~ (hiding).
 26710 | Swamp:3  | 26710 ||| INVOKING Heroism.
 26722 | Swamp:3  | HP: 1/104 [Nikola/arc of chain lightning (53)]
 26723 | Swamp:3  | 26723 ||| READING scroll of teleportation.
 26724 | Swamp:3  | 26724 ||| DRINKING 2 potions of heal wounds.
 26724 | Swamp:3  | Killed from afar by Nikola

Levels and vault maps discovered:
D:1:      eino_arrival_druids_welcome, layout_basic, minmay_tree_intersection
D:2:      layout_basic, basic_altar, reono_crystal_passage,
          serial_bayou_crossing, uniq_natasha
D:3:      layout_basic, nicolae_overflow_ecumenical_swirl,
          nicolae_gozag_zags_fifth_avenue, uniq_ijyb
D:4:      layout_basic, mainiacjoe_overflow_divided_tiny,
          gup_sewer_entry_bubbles
D:5:      kennysheep_steamy, layout_layer_cave, led_xom_imps,
          mainiacjoe_overflow_concentric_impassable, minmay_temple_entry_tees
D:6:      layout_gridville, serial_shops, shop, kennysheep_generic_room_14
D:7:      layout_basic, riverfiend_overflow_shadow_ancestor,
          jmf_multi_god_temple, minmay_misc_feat_ornament, due_unseen_surprise
D:8:      layout_gridville, mainiacjoe_overflow_surrounded_room,
          gammafunk_ghost_gnarly_gnolls, hangedman_abyss_or_decor_clamps,
          minmay_misc_feat_diagonals
D:9:      layout_loops_cross, david_lair_shrubbed, uniq_maggie, uniq_erolcha
D:10:     layout_loops_ring, kennysheep_mini_moat, st_stairs_8
D:11:     layout_rooms, minmay_fractal_squares_gapless_5, uniq_fannar, uniq_urug
D:12:     layout_roguey, orc_david_3
D:13:     layout_small_grid, nicolae_concentric_dashed_squares_mild,
          minmay_sticks_and_stones, uniq_maurice, uniq_josephine
D:14:     layout_roguey, david_vaults_1, serial_shops, shop, shop,
          nicolae_shop_gaudy_bauble, nicolae_shop_pleasant_corner_grove,
          uniq_jorgrun, uniq_frances
D:15:     gammafunk_depths_entry_grave, layout_rooms, gauntlet_entry_generic,
          nicolae_figureground_sparkle, maelrawn_ghost_gauntlet_escape,
          portal_ice_cave_entry_frozen_things, fedhas_altar_3
Temple:   hellmonk_temple_beads
Lair:1:   layout_loops_ring, disabler_island
Lair:2:   nzn_winding_woodlands_stair_trap [nzn_winding_woodlands_5x15_pool,
          nzn_winding_woodlands_5x15_zeroes,
          nzn_winding_woodlands_5x15_sawtooth,
          nzn_winding_woodlands_15x15_eel_pit,
          nzn_winding_woodlands_5x15_default,
          nzn_winding_woodlands_5x15_crooked,
          nzn_winding_woodlands_5x15_pathside_ponds], layout_regular_city,
          nicolae_volcano_entry_vermiform, gammafunk_ghost_wrathful_warriors,
          fungi_pond_lemuel, serial_bayou_shore_b
Lair:3:   layout_gridlike, skrybe_swamp_entry_bodies,
          chequers_serial_rivers_small_b, serial_bayou_shore_b
Lair:4:   layout_cave_pods, pf_torpor_hydra, grunt_megastairs_5
Lair:5:   hangedman_lair_caniforms_friends, layout_cave_pods,
          hangedman_lair_tendril_chambers, minmay_slime_entry_jelly_boxes,
          ebering_ghost_reflecting_pool
Swamp:1:  layout_basic_swamp, evilmike_swamp_ruin_house_3,
          beargit_elvish_explorers
Swamp:2:  layout_basic_swamp, evilmike_swamp_ruin_rubble_2, swamp_pool3,
          nicolae_swamp_oklob_treasure_island, uniq_roxanne
Swamp:3:  layout_basic_swamp, evilmike_swamp_ruin_house_5, swamp_pool5,
          infiniplex_staircase_pool, uniq_nikola
Orc:1:    layout_caves, gammafunk_ghost_cemetery, nicolae_orc_damp_corner
Orc:2:    pf_orc_diabolical, layout_caves, basic_altar, uniq_rupert

Skill      XL: |  1  2  3  4  5  6  7  8  9 10 11 12 13 14 15 16 |
---------------+-------------------------------------------------+-----
Axes           | 2 3 4 5 6 7 8 9 10 12 14 16 | 16.0
Fighting       | 4 5 7 8 9 10 11 12 13 | 13.3
Dodging        | 2 3 5 |  5.0
Armour         | 5 6 7 8 9 10 11 12 13 | 13.0
Throwing       | 1 2 3 4 5 6 7 |  7.0
Invocations    | 1 4 6 10 | 10.0
Shields        | 4 5 6 7 8 13 | 13.5

Action                     |  1- 3 |  4- 6 |  7- 9 | 10-12 | 13-15 | 16-18 || total
---------------------------+-------+-------+-------+-------+-------+-------++-------
  Melee: War axe           |    99 |   147 |   280 |   334 |   848 |   428 ||  2136
         Headbutt          |     1 |    17 |    34 |    85 |   123 |       ||   260
         Flail             |       |       |       |     2 |     7 |       ||     9
  Throw: Boomerang         |       |       |    52 |    57 |   109 |     8 ||   226
         Javelin           |       |       |       |    25 |   186 |    37 ||   248
 Invoke: Heroism           |       |       |     6 |    23 |    34 |    13 ||    76
         Finesse           |       |       |       |       |     5 |       ||     5
    Use: Scroll            |     4 |     5 |    12 |     2 |    14 |     1 ||    38
         Potion            |     1 |     2 |     7 |       |     7 |     1 ||    18
 Armour: Scale mail        |    40 |    42 |       |       |       |       ||    82
         Chain mail        |       |    27 |    20 |       |       |       ||    47
         Plate armour      |       |       |   153 |   175 |   491 |   151 ||   970
  Dodge: Dodged            |    30 |    48 |    76 |    86 |   248 |    71 ||   559
  Block: Buckler           |    21 |    47 |   121 |   119 |   270 |       ||   578
         Reflection        |       |       |     8 |     7 |    10 |    10 ||    35
         Kite shield       |       |       |       |       |   278 |   255 ||   533

Table legend:
 A = Non-vault XP
 B = Vault XP
 C = Vault XP percentage of total XP
 D = Non-vault monster count
 E = Vault monster count
 F = Vault count percentage of total count
                 A         B        C        D         E       F
            +---------+---------+-------+---------+---------+-------
      Total |   94681 |   67188 |  41.5 |     506 |     251 |  33.2
            +---------+---------+-------+---------+---------+-------
        D:1 |      41 |       0 |   0.0 |      24 |       0 |   0.0
        D:2 |      90 |      35 |  28.0 |      23 |       1 |   4.2
        D:3 |      34 |      36 |  51.4 |      11 |       1 |   8.3
        D:4 |     589 |      31 |   5.0 |      27 |       7 |  20.6
        D:5 |     317 |     488 |  60.6 |      19 |       6 |  24.0
        D:6 |     557 |       0 |   0.0 |      14 |       0 |   0.0
        D:7 |    1491 |     191 |  11.4 |      33 |       2 |   5.7
        D:8 |     748 |       0 |   0.0 |      16 |       0 |   0.0
        D:9 |    4711 |    1617 |  25.6 |      29 |       3 |   9.4
       D:10 |     922 |     835 |  47.5 |      10 |       1 |   9.1
       D:11 |    4194 |    2695 |  39.1 |      22 |       6 |  21.4
       D:12 |    2876 |      18 |   0.6 |      15 |       6 |  28.6
       D:13 |    3992 |    2921 |  42.3 |       9 |       8 |  47.1
       D:14 |    9126 |    6258 |  40.7 |      22 |       7 |  24.1
       D:15 |    6662 |    5225 |  44.0 |      13 |      10 |  43.5
     Lair:1 |    3210 |     304 |   8.7 |      13 |       3 |  18.8
     Lair:2 |    4830 |    2819 |  36.9 |      18 |      11 |  37.9
     Lair:3 |    7898 |     649 |   7.6 |      31 |       1 |   3.1
     Lair:4 |    6530 |      88 |   1.3 |      28 |       1 |   3.4
     Lair:5 |    5342 |   20167 |  79.1 |      21 |     102 |  82.9
    Swamp:1 |   14743 |    3608 |  19.7 |      34 |       5 |  12.8
    Swamp:2 |    6128 |    1965 |  24.3 |      13 |       2 |  13.3
    Swamp:3 |    1015 |     408 |  28.7 |       1 |       3 |  75.0
      Orc:1 |    3234 |       0 |   0.0 |      36 |       0 |   0.0
      Orc:2 |    2431 |   16830 |  87.4 |      18 |      65 |  78.3
    Abyss:2 |    2970 |       0 |   0.0 |       6 |       0 |   0.0
            +---------+---------+-------+---------+---------+-------
